[ AOE2 MATCH · #505543378 ]
UnrankedTatars vs Vietnamese
Player's team · WIN
[ REPLAY ANALYSIS · EXTRACTED FROM THE RECORDED GAME ]
Feudal
9:48
Castle
36:06
Imperial
—
| APM avg | 61.1 |
| APM peak | 91 |
| eAPM avg | 29.5 |
| Villagers / military | 133 / 62 |
Focus
⚔️ 30.0% · 🌾 70.0%
Skirmisher ×27 · Archer ×12 · Scout Cavalry ×8 · Steppe Lancer ×7 · Spearman ×4 · Camel Scout ×4
Feudal
12:01
Castle
37:09
Imperial
—
| APM avg | 52.3 |
| APM peak | 94 |
| eAPM avg | 22.5 |
| Villagers / military | 52 / 67 |
Focus
⚔️ 34.9% · 🌾 65.1%
Archer ×32 · Skirmisher ×12 · Militia ×8 · Scout Cavalry ×8 · Battle Elephant ×4 · Spearman ×3
Match map
Initial resources + every placement click. Lines = walls · curves = elevation contours. ◆ gold · ⬟ stone · ● berries · ✦ relic · ◌ wall gap
Your base· Open — unwalled flank
L@rdMaSter___'s base· Open — unwalled flank
Smoothed initial terrain · ◌ = detected wall gap · hover for details
Inputs per minute
— [BTJ']Sanguche de milanga reloco - - L@rdMaSter___
Build order — [BTJ']Sanguche de milanga reloco
First 150 of 341 actions detected
| 0:00 | Queue | Villager (Male) |
| 0:00 | Queue | Villager (Male) |
| 0:01 | Queue | Villager (Male) |
| 0:02 | Build | House |
| 0:02 | Queue | Villager (Male) |
| 0:04 | Build | House |
| 1:25 | Queue | Villager (Male) |
| 2:02 | Queue | Villager (Male) |
| 2:35 | Queue | Villager (Male) |
| 2:36 | Queue | Villager (Male) |
| 3:14 | Queue | Villager (Male) |
| 3:14 | Queue | Villager (Male) |
| 3:23 | Queue | Villager (Male) |
| 3:44 | Build | Lumber Camp |
| 4:03 | Queue | Villager (Male) |
| 4:13 | Queue | Villager (Male) |
| 4:18 | Build | House |
| 4:20 | Build | House |
| 4:36 | Queue | Villager (Male) |
| 5:10 | Build | Palisade Wall |
| 5:37 | Queue | Villager (Male) |
| 5:37 | Queue | Villager (Male) |
| 5:43 | Queue | Villager (Male) |
| 5:43 | Queue | Villager (Male) |
| 5:44 | Queue | Villager (Male) |
| 6:00 | Queue | Villager (Male) |
| 6:00 | Queue | Villager (Male) |
| 6:11 | Queue | Villager (Male) |
| 6:18 | Queue | Villager (Male) |
| 6:41 | Queue | Villager (Male) |
| 6:58 | Queue | Villager (Male) |
| 6:58 | Research | Loom |
| 7:02 | Research | Loom |
| 7:04 | Build | Mill |
| 7:39 | Research | Feudal Age |
| 7:43 | Queue | Villager (Male) |
| 8:05 | Build | Mill |
| 8:07 | Queue | Villager (Male) |
| 8:12 | Queue | Villager (Male) |
| 8:16 | Queue | Villager (Male) |
| 8:41 | Queue | Villager (Male) |
| 9:07 | Queue | Villager (Male) |
| 9:25 | Build | Barracks |
| 9:30 | Queue | Villager (Male) |
| 9:46 | Queue | Villager (Male) |
| 9:48 | Age | Feudal Age |
| 9:50 | Queue | Villager (Male) |
| 9:55 | Research | Double-Bit Axe |
| 9:56 | Queue | Villager (Male) |
| 10:01 | Queue | Villager (Male) |
| 10:16 | Queue | Villager (Male) |
| 10:22 | Queue | Villager (Male) |
| 10:28 | Build | Archery Range |
| 10:30 | Queue | Villager (Male) |
| 10:35 | Queue | Spearman |
| 10:42 | Queue | Villager (Male) |
| 10:59 | Build | Farm |
| 10:59 | Build | Farm |
| 10:59 | Build | Farm |
| 11:00 | Build | Farm |
| 11:00 | Build | Farm |
| 11:04 | Queue | Villager (Male) |
| 11:04 | Queue | Villager (Male) |
| 11:20 | Build | House |
| 11:40 | Queue | Villager (Male) |
| 11:57 | Queue | Archer |
| 12:01 | Build | House |
| 12:10 | Build | Mining Camp |
| 12:17 | Queue | Villager (Male) |
| 12:57 | Queue | Archer |
| 13:46 | Queue | Archer |
| 13:49 | Queue | Villager (Male) |
| 13:51 | Queue | Villager (Male) |
| 13:51 | Queue | Villager (Male) |
| 14:19 | Queue | Archer |
| 14:35 | Build | Farm |
| 14:36 | Build | Farm |
| 14:36 | Build | Farm |
| 14:36 | Build | Farm |
| 14:36 | Build | Farm |
| 14:42 | Queue | Archer |
| 14:51 | Build | Farm |
| 14:51 | Build | Farm |
| 14:52 | Build | Farm |
| 15:08 | Queue | Archer |
| 15:16 | Build | Lumber Camp |
| 15:17 | Queue | Villager (Male) |
| 15:43 | Queue | Archer |
| 15:43 | Queue | Archer |
| 15:44 | Queue | Villager (Male) |
| 15:50 | Queue | Skirmisher |
| 16:01 | Build | Watch Tower |
| 16:04 | Queue | Archer |
| 16:23 | Queue | Archer |
| 16:29 | Queue | Villager (Male) |
| 16:56 | Queue | Archer |
| 16:58 | Queue | Villager (Male) |
| 16:58 | Queue | Villager (Male) |
| 17:33 | Queue | Villager (Male) |
| 17:33 | Queue | Villager (Male) |
| 18:22 | Build | Stable |
| 18:26 | Queue | Archer |
| 18:28 | Build | Farm |
| 18:29 | Build | Farm |
| 18:29 | Build | Farm |
| 18:46 | Build | Farm |
| 18:46 | Build | Farm |
| 18:54 | Queue | Villager (Male) |
| 18:54 | Queue | Villager (Male) |
| 19:02 | Build | House |
| 19:12 | Build | Farm |
| 19:12 | Build | Farm |
| 19:24 | Queue | Villager (Male) |
| 19:27 | Build | Farm |
| 19:28 | Build | Farm |
| 19:37 | Queue | Villager (Male) |
| 19:49 | Build | Farm |
| 19:49 | Build | Farm |
| 19:49 | Build | Farm |
| 19:55 | Queue | Villager (Male) |
| 20:41 | Queue | Villager (Male) |
| 20:41 | Queue | Villager (Male) |
| 20:42 | Queue | Villager (Male) |
| 20:47 | Build | Farm |
| 20:47 | Build | Farm |
| 20:47 | Build | Farm |
| 20:48 | Build | Farm |
| 20:49 | Build | House |
| 20:54 | Research | Town Watch |
| 20:55 | Queue | Villager (Male) |
| 20:55 | Queue | Villager (Male) |
| 21:05 | Queue | Scout Cavalry |
| 21:06 | Queue | Villager (Male) |
| 21:12 | Queue | Villager (Male) |
| 21:14 | Build | House |
| 21:45 | Queue | Scout Cavalry |
| 21:56 | Queue | Skirmisher |
| 21:56 | Queue | Skirmisher |
| 22:25 | Queue | Villager (Male) |
| 22:37 | Queue | Skirmisher |
| 22:38 | Queue | Skirmisher |
| 22:56 | Queue | Skirmisher |
| 23:20 | Queue | Skirmisher |
| 23:20 | Queue | Skirmisher |
| 23:44 | Queue | Skirmisher |
| 23:58 | Queue | Villager (Male) |
| 24:05 | Queue | Skirmisher |
| 24:31 | Queue | Skirmisher |
| 24:31 | Queue | Skirmisher |
| 24:31 | Queue | Villager (Male) |
Build order — L@rdMaSter___
First 150 of 195 actions detected
| 0:00 | Queue | Villager (Male) |
| 0:00 | Queue | Villager (Male) |
| 0:01 | Queue | Villager (Male) |
| 0:01 | Queue | Villager (Male) |
| 0:02 | Build | House |
| 0:04 | Build | House |
| 2:00 | Queue | Villager (Male) |
| 2:21 | Queue | Villager (Male) |
| 2:21 | Queue | Villager (Male) |
| 2:36 | Queue | Villager (Male) |
| 2:44 | Build | Lumber Camp |
| 3:08 | Research | Loom |
| 4:05 | Queue | Villager (Male) |
| 4:05 | Queue | Villager (Male) |
| 4:20 | Queue | Villager (Male) |
| 5:05 | Queue | Villager (Male) |
| 5:32 | Queue | Villager (Male) |
| 5:32 | Queue | Villager (Male) |
| 5:33 | Build | House |
| 5:50 | Queue | Villager (Male) |
| 6:12 | Build | Mill |
| 6:36 | Queue | Villager (Male) |
| 6:37 | Queue | Villager (Male) |
| 6:37 | Queue | Villager (Male) |
| 7:43 | Queue | Villager (Male) |
| 8:01 | Build | House |
| 8:30 | Queue | Villager (Male) |
| 8:37 | Build | Barracks |
| 9:01 | Queue | Villager (Male) |
| 9:19 | Queue | Villager (Male) |
| 9:28 | Build | Mining Camp |
| 9:51 | Research | Feudal Age |
| 10:17 | Queue | Militia |
| 10:17 | Queue | Militia |
| 10:17 | Queue | Militia |
| 10:57 | Build | House |
| 11:04 | Queue | Militia |
| 11:21 | Build | Mill |
| 11:28 | Queue | Militia |
| 12:01 | Age | Feudal Age |
| 12:11 | Research | Man-at-Arms (upgrade) |
| 12:14 | Build | Archery Range |
| 12:20 | Build | Watch Tower |
| 12:26 | Queue | Villager (Male) |
| 12:27 | Queue | Villager (Male) |
| 12:54 | Build | Blacksmith |
| 13:16 | Build | House |
| 14:05 | Queue | Militia |
| 14:05 | Queue | Militia |
| 14:32 | Queue | Villager (Male) |
| 14:37 | Build | Mining Camp |
| 14:48 | Build | Mining Camp |
| 14:56 | Queue | Skirmisher |
| 15:16 | Queue | Skirmisher |
| 15:16 | Queue | Skirmisher |
| 15:29 | Build | House |
| 15:40 | Queue | Skirmisher |
| 15:40 | Queue | Skirmisher |
| 16:01 | Build | Watch Tower |
| 16:22 | Queue | Skirmisher |
| 16:22 | Queue | Skirmisher |
| 16:51 | Build | House |
| 17:39 | Research | Fletching |
| 18:16 | Queue | Skirmisher |
| 18:16 | Queue | Skirmisher |
| 18:16 | Queue | Skirmisher |
| 18:17 | Queue | Archer |
| 18:17 | Queue | Archer |
| 18:18 | Queue | Archer |
| 18:18 | Queue | Archer |
| 18:24 | Build | Archery Range |
| 18:32 | Queue | Villager (Male) |
| 18:33 | Queue | Villager (Male) |
| 18:33 | Queue | Villager (Male) |
| 18:53 | Queue | Archer |
| 18:56 | Build | House |
| 19:03 | Queue | Villager (Male) |
| 19:36 | Build | Watch Tower |
| 19:48 | Queue | Archer |
| 19:57 | Queue | Villager (Male) |
| 19:57 | Queue | Villager (Male) |
| 19:57 | Queue | Villager (Male) |
| 20:28 | Queue | Archer |
| 20:44 | Queue | Villager (Male) |
| 20:48 | Build | Farm |
| 20:59 | Queue | Archer |
| 21:12 | Build | Watch Tower |
| 21:15 | Build | Farm |
| 21:20 | Build | House |
| 21:38 | Build | Watch Tower |
| 22:56 | Queue | Archer |
| 22:56 | Queue | Archer |
| 22:56 | Queue | Archer |
| 23:24 | Build | Archery Range |
| 23:34 | Build | House |
| 23:43 | Queue | Villager (Male) |
| 23:47 | Queue | Archer |
| 23:48 | Queue | Archer |
| 23:56 | Queue | Villager (Male) |
| 24:05 | Queue | Archer |
| 24:05 | Queue | Archer |
| 24:05 | Queue | Archer |
| 24:08 | Build | Stable |
| 24:28 | Queue | Skirmisher |
| 24:36 | Build | Farm |
| 24:38 | Build | Farm |
| 24:49 | Build | Mining Camp |
| 25:09 | Build | House |
| 25:11 | Queue | Skirmisher |
| 25:20 | Queue | Archer |
| 25:21 | Queue | Archer |
| 25:21 | Queue | Archer |
| 25:21 | Queue | Archer |
| 25:51 | Queue | Scout Cavalry |
| 26:30 | Queue | Villager (Male) |
| 26:31 | Queue | Villager (Male) |
| 27:09 | Queue | Archer |
| 27:12 | Build | Farm |
| 27:15 | Build | Farm |
| 27:16 | Build | Farm |
| 27:17 | Build | Farm |
| 27:25 | Queue | Scout Cavalry |
| 27:25 | Queue | Scout Cavalry |
| 27:27 | Build | House |
| 27:34 | Build | Watch Tower |
| 27:37 | Queue | Archer |
| 28:12 | Queue | Scout Cavalry |
| 28:29 | Queue | Archer |
| 28:36 | Queue | Archer |
| 28:37 | Queue | Archer |
| 28:44 | Build | House |
| 28:48 | Queue | Scout Cavalry |
| 29:00 | Build | Farm |
| 29:07 | Build | House |
| 29:22 | Queue | Scout Cavalry |
| 29:25 | Queue | Archer |
| 29:25 | Queue | Archer |
| 29:25 | Queue | Archer |
| 29:26 | Queue | Archer |
| 29:26 | Queue | Archer |
| 29:36 | Queue | Villager (Male) |
| 30:04 | Queue | Scout Cavalry |
| 30:34 | Queue | Scout Cavalry |
| 30:46 | Queue | Archer |
| 30:47 | Queue | Archer |
| 30:53 | Queue | Villager (Male) |
| 30:53 | Queue | Villager (Male) |
| 30:55 | Build | House |
| 30:57 | Build | Farm |
| 31:25 | Build | Farm |
Match timeline
| 5:10 | [BTJ']Sanguche de milanga reloco · wall_segment Palisade Wall x3 |
| 8:37 | L@rdMaSter___ · first_building Barracks |
| 9:25 | [BTJ']Sanguche de milanga reloco · first_building Barracks |
| 9:48 | [BTJ']Sanguche de milanga reloco · age_up feudal |
| 10:28 | [BTJ']Sanguche de milanga reloco · first_building Archery Range |
| 12:01 | L@rdMaSter___ · age_up feudal |
| 12:14 | L@rdMaSter___ · first_building Archery Range |
| 18:22 | [BTJ']Sanguche de milanga reloco · first_building Stable |
| 24:08 | L@rdMaSter___ · first_building Stable |
| 27:22 | [BTJ']Sanguche de milanga reloco · wall_segment Palisade Wall x5 |
| 27:22 | [BTJ']Sanguche de milanga reloco · wall_segment Palisade Wall x1 |
| 27:23 | [BTJ']Sanguche de milanga reloco · wall_segment Palisade Wall x1 |
| 27:23 | [BTJ']Sanguche de milanga reloco · wall_segment Palisade Wall x1 |
| 27:24 | [BTJ']Sanguche de milanga reloco · wall_segment Palisade Wall x1 |
| 27:25 | [BTJ']Sanguche de milanga reloco · wall_segment Palisade Wall x1 |
| 27:25 | [BTJ']Sanguche de milanga reloco · wall_segment Palisade Wall x1 |
| 27:25 | [BTJ']Sanguche de milanga reloco · wall_segment Palisade Wall x1 |
| 27:26 | [BTJ']Sanguche de milanga reloco · wall_segment Palisade Wall x1 |
| 28:41 | [BTJ']Sanguche de milanga reloco · wall_segment Palisade Wall x1 |
| 28:43 | [BTJ']Sanguche de milanga reloco · wall_segment Palisade Wall x1 |
| 28:44 | [BTJ']Sanguche de milanga reloco · wall_segment Palisade Wall x1 |
| 28:44 | [BTJ']Sanguche de milanga reloco · wall_segment Palisade Wall x1 |
| 29:14 | [BTJ']Sanguche de milanga reloco · wall_segment Palisade Wall x1 |
| 29:15 | [BTJ']Sanguche de milanga reloco · wall_segment Palisade Wall x1 |
| 29:15 | [BTJ']Sanguche de milanga reloco · wall_segment Palisade Wall x2 |
| 29:15 | [BTJ']Sanguche de milanga reloco · wall_segment Palisade Wall x1 |
| 29:16 | [BTJ']Sanguche de milanga reloco · wall_segment Palisade Wall x2 |
| 29:16 | [BTJ']Sanguche de milanga reloco · wall_segment Palisade Wall x1 |
| 29:16 | [BTJ']Sanguche de milanga reloco · wall_segment Palisade Wall x1 |
| 29:17 | [BTJ']Sanguche de milanga reloco · wall_segment Palisade Wall x1 |
| 29:17 | [BTJ']Sanguche de milanga reloco · wall_segment Palisade Wall x2 |
| 29:17 | [BTJ']Sanguche de milanga reloco · wall_segment Palisade Wall x1 |
| 29:18 | [BTJ']Sanguche de milanga reloco · wall_segment Palisade Wall x1 |
| 29:18 | [BTJ']Sanguche de milanga reloco · wall_segment Palisade Wall x1 |
| 31:47 | [BTJ']Sanguche de milanga reloco · wall_segment Palisade Wall x5 |
| 31:52 | [BTJ']Sanguche de milanga reloco · wall_segment Palisade Wall x4 |
| 33:02 | [BTJ']Sanguche de milanga reloco · first_market_buy 100 food |
| 33:03 | [BTJ']Sanguche de milanga reloco · first_market_sell 100 wood |
| 33:24 | [BTJ']Sanguche de milanga reloco · wall_segment Palisade Wall x6 |
| 34:09 | L@rdMaSter___ · first_market_buy 500 food |
| 34:12 | L@rdMaSter___ · first_market_sell 100 stone |
| 36:06 | [BTJ']Sanguche de milanga reloco · age_up castle |
| 37:09 | L@rdMaSter___ · age_up castle |
| 40:59 | [BTJ']Sanguche de milanga reloco · first_building Monastery |
| 41:29 | L@rdMaSter___ · resign |
[ AI ANALYSIS · 1 CREDIT ]
What really happened in this match?
Wolo.gg analyzes every decision: build order, eco, micro, common mistakes by bracket. Personalized analysis on WhatsApp or Discord in 30 seconds.
Civ guide
Tatars
Perfil
Jugador #3906666